 Dungeon Crawl Stone Soup version 0.14.1-26-g5a19342 (webtiles) character file.

23 Konstantin the Vexing (level 2, 0/14 HPs)
             Began as a Vine Stalker Enchanter on July 9, 2014.
             Killed from afar by Terence (3 damage)
             ... with a wand of magic darts
             ... on Level 2 of the Dungeon.
             The game lasted 00:11:02 (871 turns).

Konstantin the Vexing (Vine Stalker Enchanter)       Turns: 871, Time: 00:11:02

HP   0/14        AC  3     Str 10      XL: 2   Next: 45%
MP   0/5         EV 11     Int 15      God:
Gold 9           SH  0     Dex 14      Spells:  3 memorised,  0 levels left

rFire  . . .     SeeInvis .     b - +0,+2 short sword
rCold  . . .     Clarity  .     i - +0 leather armour
rNeg   . . .     Conserve .     (no shield)
rPois  .         rCorr    .     (no helmet)
rElec  .         rRot     +     (no cloak)
SustAb . .       Spirit   +     (no gloves)
rMut   .         Warding  .     (no boots)
Saprov . . .     Stasis   .     (no amulet)
MR     .....                    (no ring)
                                (no ring)

@: not resistant to hostile enchantments, fairly stealthy
A: fangs 2, regeneration 1, magic shield, antimagic bite, no device heal
a: no special abilities


You were on level 2 of the Dungeon.
You were not hungry.

You visited 1 branch of the dungeon, and saw 2 of its levels.

You collected 9 gold pieces.

Inventory:

Hand weapons
 b - a +0,+2 short sword (weapon)
Missiles
 a - 4 exploding darts
 d - 9 darts (quivered)
Armour
 i - a +0 leather armour (worn)
Comestibles
 f - a bread ration
 h - a meat ration
 l - 2 rotting chunks of hobgoblin flesh
 p - a chunk of bat flesh
Scrolls
 e - a scroll of identify {unknown}
 j - a scroll of amnesia {unknown}
 k - a scroll of remove curse {unknown}
 m - a scroll of teleportation {unknown}
Potions
 g - a potion of agility {unknown}
 n - a potion of magic
 o - a potion of haste {unknown}
Books
 c - a book of Maledictions

   Spells                             Type                      Level
   *Corona                            Hexes                        1
   *Sure Blade                        Hexes/Charms                 2
   *Ensorcelled Hibernation           Hexes/Ice                    2
   Confuse                            Hexes                        3
   Enslavement                        Hexes                        4
   Invisibility                       Hexes                        6


   Skills:
 * Level 0.5 Fighting
 * Level 1.1 Short Blades
 - Level 0.8 Throwing
 * Level 1.7 Dodging
 + Level 2.4 Stealth
 * Level 2.3 Spellcasting
 * Level 3.2 Hexes
 + Level 0.0 Charms
 + Level 0.2 Ice Magic


You couldn't memorise any spells.
You knew the following spells:

 Your Spells              Type           Power        Failure   Level  Hunger
a - Corona                Hex            ##.....      8%          1    #......
b - Ensorcelled Hibernat  Hex/Ice        #.....       17%         2    ###....
c - Sure Blade            Hex/Chrm       #.........   17%         2    ###....


Dungeon Overview and Level Annotations

Branches:
Dungeon (2/15)

Altars:

Annotations:
D:2 Terence


Innate Abilities, Weirdness & Mutations

You are immune to rotting.
You have extremely sharp teeth.
Your natural rate of healing is unusually fast.
When hurt, damage is shared between your health and your magic reserves.
Your bite disrupts and absorbs the magic of your enemies.
Potions and wands cannot restore your HP.


Message History

Casting: Corona
Confirm with . or Enter, or press ? or * to list all spells.
Aiming: Ensorcelled Hibernation
Press: ? - help, Shift-Dir - straight line, f - Terence
Aim: Terence, wielding a morningstar, wearing a scale mail and carrying a wand of magic darts {zapped: 1} Terence looks drowsy...
The helpless Terence fails to defend himself.
You puncture Terence!
Terence is moderately wounded.
Terence hits you with a morningstar.
You hit Terence. Your bite misses Terence.
Terence is heavily wounded.
Terence hits you but does no damage.
You closely miss Terence.
Terence is heavily wounded.
Terence hits you with a morningstar!
Ouch! That really hurt!
* * * LOW HITPOINT WARNING * * *
Terence zaps a wand.
The magic dart hits you!
You die...

######### #.......###
#.###.....#
###.......#.########
#...@...#..........##
#.#.##@.#.#.###......
#@#.@.....#.# #.##.##
#.#.###...[.# #.##..%
#.#.#####.### #.#####
#.#.......# #......
#.###################
#.# #.......# #.#
#.......#


You could see Terence.

Vanquished Creatures
  5 hobgoblins
  A quokka (D:2)
  2 bats
  A goblin (D:1)
  2 kobolds
  3 rats (D:1)
14 creatures vanquished.

Notes
Turn   | Place    | Note
--------------------------------------------------------------
     0 | D:1      | Konstantin, the Vine Stalker Enchanter, began the quest for the Orb.
     0 | D:1      | Reached XP level 1. HP: 9/9 MP: 3/3
   345 | D:1      | Reached skill level 1 in Short Blades
   419 | D:1      | Reached XP level 2. HP: 13/13 MP: 3/5
   423 | D:1      | Learned a level 2 spell: Ensorcelled Hibernation
   426 | D:1      | Learned a level 2 spell: Sure Blade
   858 | D:2      | Noticed Terence
   871 | D:2      | Killed from afar by Terence

Action                   || total
-------------------------++-------
Melee: Dagger            ||    34
       Short sword       ||    14
Throw: Dart              ||    11
 Cast: Corona            ||    16
       Ensorcelled Hiber ||     5
  Use: Potion            ||     1
 Stab: Sleeping          ||     3
